 Dungeon Crawl Stone Soup version 0.19-a0-75-g99403da (webtiles) character file.

46 bod the Charmwright (level 3, -3/24 HPs)
             Began as a High Elf Skald on May 9, 2016.
             Slain by Terence
             ... wielding a +0 flail
              (7 damage)
             ... on level 2 of the Dungeon on May 10, 2016.
             The game lasted 00:09:46 (1574 turns).

bod the Charmwright (High Elf Skald)                Turns: 1574, Time: 00:09:47

Health: -3/24      AC:  3    Str: 12    XL:     3   Next: 44%
Magic:  7/7        EV:  6    Int: 15    God:
Gold:   115        SH:  0    Dex: 15    Spells: 1 memorised, 6 levels left

rFire  . . .     SeeInvis .     a - +0 short sword
rCold  . . .     Gourm    .     b - +0 leather armour
rNeg   . . .     Faith    .     (no shield)
rPois  .         Spirit   .     (no helmet)
rElec  .         Dismiss  .     (no cloak)
rCorr  .         Reflect  .     (no gloves)
SustAt .         Harm     .     (no boots)
MR     .....                    (no amulet)
Stlth  +.........               (no ring)
                                o - ring of flight

@: not resistant to hostile enchantments, very unstealthy
A: mutation resistance 1
a: Evoke Flight


You were on level 2 of the Dungeon.
You were not hungry.

You visited 1 branch of the dungeon, and saw 2 of its levels.

You collected 115 gold pieces.

Inventory:

Hand Weapons
 a - a +0 short sword (weapon)
 g - a +0 hunting sling
Missiles
 f - 71 stones (quivered)
 i - 11 arrows
 j - 22 sling bullets
Armour
 b - a +0 leather armour (worn)
Jewellery
 o - a ring of flight (left hand)
Scrolls
 e - 2 scrolls of amnesia {unknown}
 l - a scroll of enchant weapon {unknown}
Books
 c - a book of Battle

   Spells                             Type                      Level
   a - Infusion                       Charms                       1
   b - Shroud of Golubria             Charms/Translocation         2
   c - Song of Slaying                Charms                       2
   d - Spectral Weapon                Hexes/Charms                 3
   e - Regeneration                   Charms/Necromancy            3
Comestibles
 d - 2 bread rations
 h - a meat ration
 k - 2 chunks of flesh


   Skills:
 + Level 2.2 Fighting
 + Level 2.9 Short Blades
 + Level 1.3 Armour
 + Level 1.3 Dodging
 + Level 2.5 Spellcasting
 + Level 4.4 Charms


You had 6 spell levels left.
You knew the following spells:

 Your Spells              Type           Power        Failure   Level  Hunger
a - Infusion              Chrm           ###.         4%          1    #......


Dungeon Overview and Level Annotations

Branches:
Dungeon (2/15)

Altars:

Annotations:
D:2 Terence


Innate Abilities, Weirdness & Mutations

You are somewhat resistant to further mutation.


Message History

The bat is severely wounded.
The bat misses you. The bat closely misses you.
You hit the bat.
You kill the bat!
You see here a bat corpse.
You see here a bat corpse.
You butcher the bat corpse.
k - 2 chunks of flesh (gained 1)
You see here a bat skeleton.
Terence the Incautious comes into view.
He is wielding a flail.
A dart slug comes into view.
The dart slug launches a dart at you. The slug dart misses you.
You feel a little less agile now.
Terence shouts!
You see here a bat skeleton.
Terence closely misses you.
There is a stone staircase leading up here.
Terence hits you with a flail!
You die...

... # ... #.... .#.# ...
..# #.# ..# #.####..#
#..@@#..# #÷##.#..# ##
#...w...## ..#
#.......>####
.####.#######.##.........
.#............####?..####
.........###..####..##
.#.##.....##..†.....#
.#........##.#####...#


You could see Terence and a dart slug.

Vanquished Creatures
  3 adders (D:2)
  A giant gecko (D:1)
  A ball python (D:1)
  4 goblins
  A hobgoblin (D:1)
  A quokka (D:2)
  4 bats
  3 kobolds
  A rat (D:1)
19 creatures vanquished.

Notes
Turn   | Place    | Note
--------------------------------------------------------------
     0 | D:1      | bod the High Elf Skald began the quest for the Orb.
     0 | D:1      | Reached XP level 1. HP: 14/14 MP: 4/4
   305 | D:1      | Reached skill level 4 in Charms
   516 | D:1      | Reached XP level 2. HP: 19/19 MP: 6/6
   667 | D:1      | Upgraded the game from 0.19-a0-61-g4dc4c6e to 0.19-a0-75-g99403da
   871 | D:1      | Gained mutation: You are somewhat resistant to further mutation. [potion of beneficial mutation]
  1048 | D:2      | Reached skill level 1 in Armour
  1429 | D:2      | Reached XP level 3. HP: 18/24 MP: 7/7
  1536 | D:2      | HP: 1/24 [adder (2)]
  1558 | D:2      | Noticed Terence
  1574 | D:2      | Slain by Terence

Vault maps used:
D:1:      dpeg_arrival_more_subterranean_lakeside_camping
D:2:      bloody_trog, uniq_terence

Skill      XL: |  1  2 |
---------------+-------+-----
Charms         | 4 |  4.4
Armour         | 1 |  1.3
Fighting       | |  2.2
Short Blades   | |  2.9
Dodging        | |  1.3
Spellcasting   | |  2.5

Action                   || total
-------------------------++-------
Melee: Short sword       ||   111
  Use: Potion            ||     5
       Scroll            ||     2
  Eat: Chunk             ||     2
Armor: Leather armour    ||    39
Dodge: Dodged            ||    71
